Map: Lerilak Crest

Players

LilDicky - Winner!

  • Race: Terran Terran
  • League: Diamond

Westlywillis

  • Race: Protoss Protoss
  • League: Platinum

VOD

http://www.twitch.tv/tumescentpie

Description

Time

  • Played on: Jan. 5, 2016, 10:58 p.m.
  • Length: 6:21
Show
View Real Time Build Order
Export as new Build Order

LilDicky Terran - Winner!

Build Orders: MMM Bio 

Get SALT Encoding   

  12  0:02  SCV  
  13  0:15  SCV  
  13  0:18  Supply Depot  
  14  0:27  SCV  
  15  0:34  Refinery  
  15  0:39  SCV  
  16  0:46  Barracks  
  16  0:52  SCV  
  17  1:04  SCV  
  18  1:16  SCV  
  19  1:33  Orbital Command  
  19  1:36  Marine  
  19  1:39  Factory  
  20  1:47  Supply Depot  
  20  1:53  Marine  
  21  2:00  SCV  
  22  2:18  SCV  
  22  2:21  Barracks  
  24  2:25  Barracks  
  24  2:29  Barracks Reactor  
  23  2:34  SCV  
  24  2:38  Refinery  
  24  2:39  Supply Depot  
  24  2:48  Widow Mine  
  26  3:00  SCV  
  27  3:05  Marine  
  27  3:06  Marine  
  28  3:13  SCV  
  28  3:14  Barracks Tech Lab x2  
  28  3:19  Widow Mine  
  31  3:25  SCV  
  32  3:34  Combat Shields, Stimpack  
  32  3:35  Marine x3  
  32  3:36  Marine  
  36  3:42  Supply Depot  
  37  3:48  SCV, Starport  
  37  3:53  Widow Mine  
  39  4:10  Marine x2  
  39  4:11  Marauder x2  
  39  4:12  SCV  
  39  4:16  Supply Depot  
  44  4:32  Marauder, Marine  
  44  4:37  Marine  
  44  4:38  Marauder  
  50  4:39  Medivac  
  50  4:42  Supply Depot  
  50  4:55  Supply Depot  
  50  4:56  SCV  
  50  4:57  Marauder  
  50  4:59  Marauder  
  55  5:10  Medivac  
  57  5:17  Marine x2  
  57  5:18  Marauder  
  57  5:20  Marauder  
  61  5:21  Concussive Shells  
  61  5:23  SCV  
  62  5:33  Supply Depot  
  62  5:35  Widow Mine, Marine  
Show
View Real Time Build Order
Export as new Build Order

Westlywillis Protoss 

Build Orders: Nexus First 

Get SALT Encoding   

  12  0:00  Probe (Chrono Boost)  
  13  0:11  Probe (Chrono Boost)  
  14  0:18  Pylon  
  14  0:22  Probe (Chrono Boost)  
  15  0:36  Probe (Chrono Boost)  
  16  0:47  Probe (Chrono Boost)  
  17  1:01  Nexus  
  17  1:13  Gateway  
  17  1:15  Probe (Chrono Boost)  
  18  1:20  Assimilator  
  18  1:27  Probe (Chrono Boost)  
  19  1:42  Probe (Chrono Boost)  
  20  1:52  Gateway  
  20  1:53  Probe (Chrono Boost)  
  21  1:58  Assimilator  
  21  2:01  Cybernetics Core  
  21  2:04  Probe (Chrono Boost)  
  22  2:13  Probe (Chrono Boost)  
  23  2:17  Probe (Chrono Boost)  
  24  2:24  Probe (Chrono Boost)  
  24  2:28  Probe (Chrono Boost)  
  26  2:30  Pylon  
  26  2:34  Probe (Chrono Boost)  
  27  2:38  Probe (Chrono Boost)  
  27  2:39  Stalker (Chrono Boost)  
  27  2:44  Stalker (Chrono Boost)  
  32  2:48  Warp Gate  
  32  2:49  Probe  
  33  3:01  Robotics Facility  
  33  3:12  Probe x2 (Chrono Boost)  
  34  3:34  Probe x2 (Chrono Boost)  
  35  3:49  Assimilator  
  35  3:50  Observer (Chrono Boost)  
  35  3:52  Zealot x2  
  38  4:00  Mothership Core  
  39  4:33  Probe  
  39  4:35  Probe  
  39  4:37  Zealot x2  
  40  5:08  Probe  
  40  5:10  Probe  
  42  5:21  Pylon  
  42  5:22  Probe  
  42  5:24  Probe  
  44  5:33  Probe  
  45  5:42  Assimilator  
  45  5:45  Probe  
  45  5:46  Probe  
  47  5:50  Sentry  
  47  5:51  Sentry  
  41  5:57  Nexus  
Tags
 
Add a new tag
Caveats
  • Supply blocks, unpowered buildings, or Contaminate may cause inaccurate times.
  • Supply counts are checked every 10 seconds.